 Dungeon Crawl Stone Soup version 0.20.0-15-g7f486f2 (webtiles) character file.

1569 kuniqs the Skirmisher (level 8, -14/51 HPs)
             Began as a Gargoyle Fighter on June 10, 2017.
             Demolished by an orc warrior
             ... wielding a +1 glaive of venom
              (16 damage)
             ... on level 6 of the Dungeon.
             The game lasted 00:06:15 (5809 turns).

kuniqs the Skirmisher (Gargoyle Fighter)            Turns: 5809, Time: 00:06:16

Health: -14/51     AC: 16    Str: 26    XL:     8   Next: 90%
Magic:  8/8        EV:  8    Int:  8    God:
Gold:   405        SH: 14    Dex: 11    Spells: 7/7 levels left

rFire    . . .     SeeInvis .   a - +0 war axe
rCold    . . .     Gourm    .   c - +0 shield
rNeg     + . .     Faith    .   k - +0 chain mail
rPois    ∞         Spirit   .   (no helmet)
rElec    +         Reflect  +   (no cloak)
rCorr    .         Harm     .   v - +0 pair of gloves
MR       .....                  (no boots)
Stlth    ..........             o - +4 amulet of reflection
Regen    0.2/turn               D - +5 ring of strength
MPRegen  0.2/turn               (no ring)

@: no status effects
A: negative energy resistance 1, electricity resistance, unbreathing,
petrification resistance, rot immunity, AC +5
a: no special abilities


You were on level 6 of the Dungeon.
You were hungry.

You visited 1 branch of the dungeon, and saw 6 of its levels.
You also visited: Ossuary.

You collected 405 gold pieces.

Inventory:

Hand Weapons
 a - a +0 war axe (weapon)
 n - a +2 whip of pain
 t - a cursed +0 morningstar
Armour
 c - a +0 shield (worn)
 k - a +0 chain mail (worn)
 v - a +0 pair of gloves (worn)
Jewellery
 m - an uncursed amulet of faith
 o - a +4 amulet of reflection (around neck)
 D - a +5 ring of strength (left hand)
 F - an uncursed ring of ice
Scrolls
 b - 2 scrolls of remove curse {unknown}
 h - 2 scrolls of enchant armour {unknown}
 i - 9 scrolls of identify {unknown}
 j - 3 scrolls of teleportation {unknown}
 l - 2 scrolls of blinking {unknown}
 p - a scroll of enchant weapon {unknown}
 q - a scroll of noise {unknown}
 r - 2 scrolls of fear {unknown}
 s - a scroll of magic mapping {unknown}
 y - 2 scrolls of recharging {unknown}
Potions
 f - a potion of might
 g - a potion of agility {unknown}
 u - a potion of brilliance {unknown}
 w - 4 potions of curing {unknown}
 x - 2 potions of heal wounds {unknown}
 z - 3 potions of degeneration {unknown}
 A - 2 potions of lignification {unknown}
 B - a potion of invisibility {unknown}
 C - a potion of berserk rage {unknown}
Comestibles
 d - 4 bread rations
 e - a meat ration
 E - 9 chunks of flesh


   Skills:
 + Level 6.0 Fighting
 + Level 4.3 Axes
 + Level 3.8 Throwing
 + Level 5.7 Armour
 + Level 3.5 Dodging
 + Level 5.6 Shields


You had 7 spell levels left.
You didn't know any spells.

Dungeon Overview and Level Annotations

Branches:
Dungeon (6/15)
 Temple: D:4-7

Altars:
Qazlal
Trog

Annotations:
D:5 Gravenous's ghost, novice DDFi


Innate Abilities, Weirdness & Mutations

You are resistant to torment.
Your stone body is resilient. (AC +5)
You are immune to poison.
You resist negative energy. (rN+)
You are resistant to electric shocks. (rElec)
You can survive without breathing.
You are immune to petrification.
You are immune to rotting.


Message History

You closely miss the orc warrior.
The orc warrior is severely wounded.
The orc warrior hits you with a glaive of venom!!
* * * LOW HITPOINT WARNING * * *
You hear a shout!
You are too injured to fight recklessly!
You are too injured to fight recklessly!
You are too injured to fight recklessly!
You hit the orc warrior.
The orc warrior is severely wounded.
The orc warrior hits you with a glaive of venom.
* * * LOW HITPOINT WARNING * * *
An orc comes into view. It is wielding a club.
You hit the orc warrior but do no damage.
The orc warrior is severely wounded.
You block the orc warrior's attack.
You hit the orc warrior.
The orc warrior is almost dead.
The orc warrior hits you with a glaive of venom!
You die...

######.....#####..
......####........
#####.# #........
#.##.####........
#.............###
#.###.###.....####
# #.#.'..)..#o.
#.#.#.....#o#
#.#.#...).#@#
#.#.####.##.#
#.#.# #.##.#
#.#.####....#
#....>#####
#####.# #.# #.#
#.#


You could see an orc warrior and an orc.

Vanquished Creatures
  The ghost of stickyfingers the Poker, a novice HuSk (D:6)
  Grinder (D:5)
  Duvessa (D:5)
  A sky beast (D:5)
  A centaur (D:5)
  A bullfrog (D:4)
  Dowan (D:5)
  A hound (D:6)
  A centaur skeleton (D:4)
  6 orc wizards
  An orc priest (D:3)
  2 iguanas
  2 worker ants
  A hound zombie (D:6)
  13 mummies (Ossuary)
  3 adders
  4 gnolls (D:6)
  An ooze (D:2)
  3 worms
  A dart slug (D:2)
  A leopard gecko (D:3)
  15 orcs
  4 giant cockroaches
  3 goblins
  11 hobgoblins
  2 kobolds
  2 bats
  7 frilled lizards
  A gnoll skeleton (Ossuary)
  A goblin skeleton (Ossuary)
  A jackal zombie (D:6)
  3 kobold skeletons (Ossuary)
  A leopard gecko skeleton (D:4)
  3 orc skeletons (Ossuary)
  5 rats
  11 rat skeletons (Ossuary)
117 creatures vanquished.

Notes
Turn   | Place    | Note
-------+----------+-------------------------------------------
     0 | D:1      | kuniqs the Gargoyle Fighter began the quest for the Orb.
     0 | D:1      | Reached XP level 1. HP: 14/14 MP: 1/1
     0 | D:1      | Found a bloodstained altar of Trog.
    77 | D:1      | Reached XP level 2. HP: 19/19 MP: 2/2
   783 | D:2      | Reached skill level 1 in Throwing
   783 | D:2      | Reached XP level 3. HP: 20/23 MP: 3/3
  1192 | D:2      | HP: 1/23 [adder (1)]
  1744 | D:2      | Reached skill level 1 in Dodging
  2061 | D:3      | Reached XP level 4. HP: 27/29 MP: 4/4
  2089 | D:3      | Reached skill level 4 in Fighting
  2720 | D:4      | Found a sand-covered staircase.
  2726 | Ossuary  | Entered an ossuary
  2736 | Ossuary  | Reached XP level 5. HP: 33/33 MP: 5/5
  3632 | Ossuary  | Reached XP level 6. HP: 39/39 MP: 6/6
  4354 | D:5      | Entered Level 5 of the Dungeon
  4365 | D:5      | Noticed Dowan
  4570 | D:5      | Noticed Gravenous's ghost (novice DDFi)
  4577 | D:5      | Reached XP level 7. HP: 34/44 MP: 7/7
  4920 | D:5      | Noticed Duvessa
  4930 | D:5      | Killed Duvessa
  4930 | D:5      | Reached skill level 5 in Fighting
  4933 | D:5      | Killed Dowan
  4954 | D:5      | Found a stormy altar of Qazlal.
  4985 | D:5      | Noticed Grinder
  5006 | D:5      | Killed Grinder
  5006 | D:5      | Reached skill level 5 in Armour
  5006 | D:5      | Reached XP level 8. HP: 45/49 MP: 8/8
  5504 | D:6      | Reached skill level 5 in Shields
  5722 | D:6      | Noticed stickyfingers's ghost (novice HuSk)
  5741 | D:6      | Killed stickyfingers's ghost
  5791 | D:6      | Reached skill level 6 in Fighting
  5807 | D:6      | HP: 2/51 [orc warrior/glaive of venom (3)]
  5809 | D:6      | Demolished by an orc warrior

Skill      XL: |  1  2  3  4  5  6  7  8 |
---------------+-------------------------+-----
Throwing       | 1 2 3 |  3.8
Axes           | 2 3 4 |  4.3
Dodging        | 1 2 3 |  3.5
Fighting       | 4 5 6 |  6.0
Armour         | 4 5 |  5.7
Shields        | 4 5 |  5.6

Action                   |  1- 3 |  4- 6 |  7- 9 || total
-------------------------+-------+-------+-------++-------
Melee: War axe           |   133 |   240 |   208 ||   581
  Use: Potion            |       |       |     1 ||     1
  Eat: Chunk             |     4 |     4 |     4 ||    12
       Bread ration      |       |     1 |       ||     1
Armor: Scale mail        |    30 |       |       ||    30
       Chain mail        |    59 |    73 |    81 ||   213
Dodge: Dodged            |    45 |    36 |    41 ||   122
Block: Shield            |   105 |   138 |   133 ||   376
       Reflection        |     1 |     5 |     2 ||     8
